 Dungeon Crawl Stone Soup version 0.31-a0-1603-gbec6b6ccbf (webtiles) character file.

Game seed: 6034303214262567550

981 Xavori the Ducker (level 8, -10/103 HPs)
             Began as a Djinni Chaos Knight on Jan 7, 2024.
             Was a Plaything of Xom.
             Mangled by anacleto's ghost (14 damage)
             ... on level 4 of the Dungeon.
             The game lasted 00:05:48 (13128 turns).

Xavori the Ducker (Djinni Chaos Knight)            Turns: 13128, Time: 00:05:49

Health: -10/103    AC:  9    Str: 10    XL:     8   Next: 40%
Gold:   157        EV: 14    Int: 19    God:    Xom [..*...] SH:  0 Dex: 19

rFire   + + .        a - +0 falchion (chaos)
rCold   x . .        (no shield)
rNeg    . . .        b - +2 leather armour
rPois   ∞            (helmet restricted)
rElec   .            s - +1 cloak {rPois}
rCorr   .            (no gloves)
SInv    .            (boots unavailable)
Will    +....        (no amulet) Stlth
                     n - +6 ring of dexterity
HPRegen 0.00/turn    (no ring)
MPRegen 0.00/turn

%: infuse magic (-11 HP)
@: berserking, flying, inhibited regen, studying Dodging, very quick
A: sickness immunity, fire resistance 2, cold vulnerability 1, float, innate
caster, HP casting, extra vitality 1, horns 1, iridescent scales 1, clever 1,
strong-willed 1, robust 2, inhibited regeneration, teleportitis 1
a: Renounce Religion


You were on level 4 of the Dungeon.
You worshipped Xom.
You were a toy of Xom.
You visited 1 branch of the dungeon, and saw 5 of its levels.

You collected 326 gold pieces.
You spent 169 gold pieces at shops.

Inventory:

Hand Weapons
 a - a +0 falchion of chaos (weapon)
Missiles
 f - a throwing net
 y - 6 curare-tipped darts
Armour
 b - a +2 leather armour (worn)
 s - a +1 cloak of poison resistance (worn)
Jewellery
 n - a +6 ring of dexterity (left hand)
 v - a ring of fire
Wands
 o - a wand of iceblast (5)
 r - a wand of flame (18)
Scrolls
 c - a scroll of butterflies
 e - a scroll of blinking {unknown}
 g - a scroll of noise {unknown}
 i - 4 scrolls of teleportation {unknown}
 j - 3 scrolls of amnesia {unknown}
 m - 5 scrolls of identify {unknown}
 p - a scroll of revelation {unknown}
 t - 2 scrolls of summoning {unknown}
 w - a scroll of poison {unknown}
 x - a scroll of fog {unknown}
Potions
 d - a potion of cancellation {unknown}
 h - a potion of attraction {unknown}
 k - 3 potions of mutation {unknown}
 l - 4 potions of curing
 q - 2 potions of enlightenment
 u - a potion of lignification {unknown}


   Skills:
 + Level 4.6 Fighting
 + Level 4.2 Long Blades
 + Level 3.5 Armour
 + Level 5.2 Dodging
 * Level 3.5 Spellcasting
 * Level 3.5 Conjurations
 * Level 3.5 Hexes
   Level 0.0 Charms
 * Level 3.5 Summonings
 * Level 3.5 Necromancy
 * Level 3.5 Translocations
   Level 0.0 Transmutations
 * Level 3.5 Fire Magic
 * Level 3.5 Ice Magic
 * Level 3.5 Air Magic
 * Level 3.5 Earth Magic
 * Level 3.5 Alchemy
 + Level 2.3 Evocations


You knew the following spells:

 Your Spells              Type           Power      Damage    Failure   Level
a - Apportation           Tloc           32%        N/A       4%          1
b - Jinxbite              Hex            32%        N/A       7%          2
c - Fugue of the Fallen   Necr           16%        N/A       13%         3
Your spell library was empty.

Dungeon Overview and Level Annotations

Branches:
Dungeon (5/15)
 Temple: D:4-7

Altars:
Elyvilon
Makhleb
Xom
Zin

Shops:
D:3 =   D:4 (*

Annotations:
D:3 2 transporters
D:4 anacleto's ghost, novice TrGl


Innate Abilities, Weirdness & Mutations

You are immune to sickness and miasma.
You are immune to poison.
Your flesh is very heat resistant. (rF++)
You are vulnerable to cold. (rC-)
You float through the air rather than walking.
You learn spells naturally, not from books.
Your magical power is your life essence.
You have superior vitality. (+4 MHP)
You have a pair of small horns on your head.
You are partially covered in iridescent scales. (AC +2)
Your mind is acute. (Int +4, Str/Dex -1)
You are strong-willed. (Will+)
You are very robust. (+20% HP)
You do not regenerate when monsters are visible.
You are occasionally teleported next to monsters.


Message History

The kobold shouts!
Anacleto's ghost turns its malevolent gaze towards you.
The kobold brigand closely misses you. The kobold brigand closely misses you.
The kobold closely misses you.
There is a stone staircase leading up here.
You closely miss the kobold.
You headbutt the kobold, but do no damage.
The kobold brigand hits you with a +1 whip of distortion.
Space warps horribly around you! The kobold barely misses you.
Anacleto's ghost hits you! Xom smiles on you.
A red film seems to cover your vision as you go berserk!
You feel yourself moving faster!
You feel mighty!
The kobold brigand hits you but does no damage.
Space warps around you.
The kobold hits you with a +1 whip of distortion.
Space warps around you. Anacleto's ghost completely misses you.
You fly upwards.
There is a stone staircase leading down here.
You closely miss anacleto's ghost. Your headbutt misses anacleto's ghost.
You closely miss anacleto's ghost. The kobold hits you but does no damage.
Space warps horribly around you!
* * * LOW HITPOINT WARNING * * *
The kobold brigand barely misses you. Anacleto's ghost hits you!
* * * LOW HITPOINT WARNING * * *
You closely miss anacleto's ghost. You headbutt anacleto's ghost!
Anacleto's ghost is moderately damaged.
The kobold hits you but does no damage. The kobold brigand barely misses you.
Anacleto's ghost swings its fists at you.
Anacleto's ghost hits you!
* * * LOW HITPOINT WARNING * * *
You barely miss anacleto's ghost. You headbutt anacleto's ghost!
Anacleto's ghost is moderately damaged.
The kobold closely misses you. The kobold brigand misses you.
You slash anacleto's ghost! You burn anacleto's ghost.
Anacleto's ghost is heavily damaged.
Anacleto's ghost hits you!
You die...
Xom roars with laughter!

#)..# #....# #.....# ##### #....#
#####...... #....# #...####### ##
#######....######.#.#######
.######...............#..........
...............................).
#######...............###########
#.........KW##### ##### #
#######:.......K@## ##...#
#..<.............# ##....#
#................# #.....###
#...............########.......#
#......##......##........#...#.#
#......##########......#.#.^.#.##
'...#### #......#.#...#... ##.)#
#........#...#... ...##
##.......#######..


You could see a kobold brigand, anacleto's ghost and a kobold.

Vanquished Creatures
  A naga (D:4)
  Duvessa (D:4)
  Blork the orc (D:4)
  3 scorpions
  4 killer bees
  A howler monkey (D:5)
  An orc priest (D:5)
  Crazy Yiuf (D:4)
  A hound (D:4)
  3 orc wizards
  2 adders
  4 gnolls (D:2)
  A shadow imp (D:4)
  3 dart slugs
  A ribbon worm (D:3)
  9 orcs
  An endoplasm (D:4)
  A giant cockroach (D:1)
  8 hobgoblins
  3 jackals (D:3)
  7 kobolds
  2 quokkas
  6 ball pythons
  5 bats (D:1)
  3 frilled lizards
  6 goblins
  6 rats
85 creatures vanquished.

Vanquished Creatures (others)
  Jessica (D:2)
  An adder (D:2)
2 creatures vanquished.

Grand Total: 87 creatures vanquished

Notes
Turn   | Place    | Note
-------+----------+-------------------------------------------
     0 | D:1      | Xavori the Djinni Chaos Knight began the quest for the Orb.
     0 | D:1      | Reached XP level 1. HP: 20/20 MP: 0/0
    80 | D:1      | XOM: silly message
   134 | D:1      | XOM: 1-stop teleportation journey
   163 | D:1      | XOM: confusion
   190 | D:1      | Reached XP level 2. HP: 18/25 MP: 0/0
   283 | D:1      | XOM: give mutations
   283 | D:1      | Gained mutation: You are partially covered in iridescent
                  | scales. (AC +2) [Xom's mischief]
   283 | D:1      | Gained mutation: Your spells are a little harder to cast,
                  | but a little more powerful. [Xom's mischief]
   283 | D:1      | Gained mutation: You sometimes lose your temper in combat.
                  | [Xom's mischief]
   569 | D:1      | Reached XP level 3. HP: 30/30 MP: 0/0
   569 | D:1      | Learned a level 1 spell: Apportation
   612 | D:1      | Reached skill level 1 in Spellcasting
   612 | D:1      | Reached skill level 1 in Conjurations
   612 | D:1      | Reached skill level 1 in Hexes
   612 | D:1      | Reached skill level 1 in Summonings
   612 | D:1      | Reached skill level 1 in Necromancy
   612 | D:1      | Reached skill level 1 in Translocations
   612 | D:1      | Reached skill level 1 in Fire Magic
   612 | D:1      | Reached skill level 1 in Ice Magic
   612 | D:1      | Reached skill level 1 in Air Magic
   612 | D:1      | Reached skill level 1 in Earth Magic
   612 | D:1      | Reached skill level 1 in Alchemy
  1154 | D:1      | XOM: draining
  1222 | D:1      | XOM: give mutations
  1222 | D:1      | Gained mutation: You do not regenerate when monsters are
                  | visible. [Xom's mischief]
  1222 | D:1      | Gained mutation: Your body sometimes deteriorates upon
                  | taking damage. [Xom's mischief]
  1222 | D:1      | Gained mutation: You are clumsy. (Dex -2) [Xom's mischief]
  1482 | D:1      | XOM: give mutation
  1482 | D:1      | Gained mutation: You have hidden genetic defects. [Xom's
                  | mischief]
  1524 | D:1      | XOM: give mutations
  1524 | D:1      | Gained mutation: You have a pair of small horns on your
                  | head. [Xom's mischief]
  1524 | D:1      | Gained mutation: You are partially covered in large bone
                  | plates. (SH +4) [Xom's mischief]
  1524 | D:1      | Gained mutation: You are strong-willed. (Will+) [Xom's
                  | mischief]
  2352 | D:1      | XOM: give mutations
  2352 | D:1      | Lost mutation: You have hidden genetic defects. [Xom's
                  | mischief]
  2352 | D:1      | Lost mutation: You are clumsy. (Dex -2) [Xom's mischief]
  2352 | D:1      | Gained mutation: You are occasionally teleported next to
                  | monsters. [Xom's mischief]
  2352 | D:1      | Lost mutation: Your body sometimes deteriorates upon taking
                  | damage. [Xom's mischief]
  2679 | D:1      | XOM: scenery: 1 doors close
  2815 | D:1      | XOM: cloud trail
  2821 | D:1      | XOM: scenery: 1 doors open
  3414 | D:1      | XOM: silly message
  3483 | D:1      | XOM is BORED!
  3483 | D:1      | XOM: silly message
  3809 | D:1      | XOM: silly message
  4519 | D:1      | XOM: cloud trail
  4730 | D:1      | XOM: silly message
  4753 | D:1      | XOM: noise
  5278 | D:1      | XOM: silly message
  5388 | D:1      | XOM is BORED!
  5594 | D:1      | XOM: noise
  5707 | D:1      | XOM: noise
  7835 | D:1      | XOM: scenery: 1 doors close
  7928 | D:1      | XOM: summons 1 hostile demon
  8054 | D:2      | Noticed Jessica
  8055 | D:2      | Killed Jessica
  8055 | D:2      | XOM: divine lightning
  8131 | D:2      | XOM: give mutations
  8131 | D:2      | Gained mutation: You are robust. (+10% HP) [Xom's grace]
  8131 | D:2      | Gained mutation: You passively map a small area around you.
                  | [Xom's grace]
  8232 | D:2      | XOM: scenery: summon butterflies
  8270 | D:2      | XOM: 2-stop teleportation journey
  8396 | D:2      | Found a faded altar of an unknown god.
  8433 | D:2      | XOM: confuse monster(s)
  8436 | D:2      | Reached XP level 4. HP: 32/35 MP: 0/0
  9292 | D:1      | XOM: give mutations
  9292 | D:1      | Gained mutation: You are very robust. (+20% HP) [Xom's
                  | grace]
  9292 | D:1      | Gained mutation: Your mind is acute. (Int +4, Str/Dex -1)
                  | [Xom's grace]
  9292 | D:1      | Gained mutation: You expend health (3 HP) to strengthen
                  | your wands. [Xom's grace]
  9772 | D:3      | Found a white marble altar of Elyvilon.
  9925 | D:3      | Found a transporter.
  9961 | D:3      | Reached XP level 5. HP: 33/48 MP: 0/0
  9961 | D:3      | Learned a level 2 spell: Jinxbite
  9974 | D:3      | Reached skill level 3 in Dodging
 10081 | D:3      | Found Wuatidat's Jewellery Boutique.
 10089 | D:3      | XOM: 4-stop teleportation journey
 10288 | D:3      | Found a transporter.
 10412 | D:3      | XOM: stat loss: -1 Int (17/18)
 10446 | D:3      | Found a glowing silver altar of Zin.
 10700 | D:4      | Found a runed translucent door.
 10701 | D:4      | Noticed Crazy Yiuf
 10795 | D:4      | XOM: give mutation
 10795 | D:4      | Lost mutation: You sometimes lose your temper in combat.
                  | [Xom's mischief]
 10873 | D:4      | Noticed Blork the orc
 10876 | D:4      | XOM: smoke on damage
 10884 | D:4      | Killed Blork the orc
 10885 | D:4      | Reached XP level 6. HP: 25/56 MP: 0/0
 11034 | D:4      | Identified the +5 sling of the Omega Point {freeze,
                  | ^Fragile MP+9 Dex+4 SInv}
 11049 | D:4      | Found Vosaanid's General Store.
 11052 | D:4      | Bought a potion of might for 52 gold pieces
 11052 | D:4      | Bought a scroll of fear for 52 gold pieces
 11052 | D:4      | Bought a potion of enlightenment for 65 gold pieces
 11087 | D:4      | Found Heptidas's Antique Weapon Shop.
 11222 | D:4      | XOM: silly message
 11335 | D:4      | Reached XP level 7. HP: 49/61 MP: 0/0
 11335 | D:4      | Learned a level 3 spell: Fugue of the Fallen
 11451 | D:4      | Noticed Duvessa
 11454 | D:4      | XOM: confusion (+ monsters)
 11458 | D:4      | XOM: blink monster(s)
 11460 | D:4      | XOM: swap monsters
 11465 | D:4      | Killed Duvessa
 11465 | D:4      | Noticed Dowan
 11466 | D:4      | Reached skill level 1 in Evocations
 11469 | D:4      | XOM: enchant monster (bad)
 11475 | D:4      | Dowan changed into Dowan the naga
 11475 | D:4      | Noticed Dowan
 11475 | D:4      | XOM: polymorph Dowan -> Dowan the naga
 11481 | D:4      | Killed Dowan the naga
 11482 | D:4      | Reached skill level 4 in Dodging
 11483 | D:4      | XOM: give mutations
 11483 | D:4      | Lost mutation: You passively map a small area around you.
                  | [Xom's mischief]
 11483 | D:4      | Lost mutation: You expend health (3 HP) to strengthen your
                  | wands. [Xom's mischief]
 11483 | D:4      | Lost mutation: Your spells are a little harder to cast, but
                  | a little more powerful. [Xom's mischief]
 11487 | D:4      | XOM: give mutation
 11487 | D:4      | Lost mutation: You are partially covered in large bone
                  | plates. (SH +4) [Xom's mischief]
 11556 | D:4      | XOM: summons 4 hostile shadow creatures
 11558 | D:4      | XOM: butterfly on damage
 11593 | D:3      | XOM: summons 1 hostile demon
 11862 | D:2      | XOM: noise
 11910 | D:4      | Found a burning altar of Makhleb.
 12060 | D:4      | XOM: chaos cloud
 12064 | D:4      | Killed Crazy Yiuf
 12151 | D:5      | Entered Level 5 of the Dungeon
 12170 | D:5      | Found a shimmering altar of Xom.
 12207 | D:5      | Reached XP level 8. HP: 69/69 MP: 0/0
 12271 | D:5      | XOM: 4-stop teleportation journey
 12295 | D:5      | XOM: summons 5 hostile demons
 12296 | D:5      | Reached skill level 5 in Dodging
 12556 | D:5      | Found a runed translucent gate.
 12556 | D:5      | Found a runed translucent gate.
 12556 | D:5      | Found a runed translucent gate.
 12558 | D:5      | Noticed anacleto's ghost (novice TrGl)
 12848 | D:5      | XOM: summons 2 hostile shadow creatures
 12857 | D:5      | XOM: polymorph gnoll -> endoplasm
 12859 | D:5      | XOM: divination: magic mapping
 13122 | D:5      | XOM: potion effect (berserk rage)
 13126 | D:4      | HP: 4/103 [anacleto's ghost (8)]
 13128 | D:4      | Mangled by anacleto's ghost

Illustrated notes

Levels and vault maps discovered:
D:1:      erik_arrival_orb_chamber, layout_basic
D:2:      layout_loops_ring, ebering_ecumenical_altar_sacrificial,
          corexii_shack, minmay_pentomino_z2, uniq_jessica
D:3:      gammafunk_steamed_eel, layout_loops_cross,
          mainiacjoe_overflow_six_doors_small, elyvilon_altar_1, serial_shops,
          nicolae_shop_hallway_plus
D:4:      layout_rooms, lemuel_tele_altar, lemuel_round_altar, serial_library,
          serial_library_hellmonk_narrow_alcove,
          serial_library_hellmonk_hallway_b,
          serial_library_regret_index_double_sided,
          serial_library_hellmonk_secret_room, serial_shops, kennysheep_mini,
          kennysheep_little_box, hangedman_feature_mirror,
          uniq_crazy_yiuf_cottage, uniq_blork_the_orc, uniq_duvessa
D:5:      layout_rooms, nicolae_sif_muna_little_library,
          mainiacjoe_overflow_concentric_impassable,
          gammafunk_ghost_nasty_kobolds

Skill      XL: |  1  2  3  4  5  6  7  8 |
---------------+-------------------------+-----
Spellcasting   | 1 2 3 |  3.5
Conjurations   | 1 2 3 |  3.5
Hexes          | 1 2 3 |  3.5
Summonings     | 1 2 3 |  3.5
Necromancy     | 1 2 3 |  3.5
Translocations | 1 2 3 |  3.5
Fire Magic     | 1 2 3 |  3.5
Ice Magic      | 1 2 3 |  3.5
Air Magic      | 1 2 3 |  3.5
Earth Magic    | 1 2 3 |  3.5
Alchemy        | 1 2 3 |  3.5
Long Blades    | 3 4 |  4.2
Armour         | 2 3 |  3.5
Dodging        | 3 4 5 |  5.2
Fighting       | 4 |  4.6
Evocations     | 1 2 |  2.3

Action                     |  1- 3 |  4- 6 |  7- 9 || total
---------------------------+-------+-------+-------++-------
  Melee: Falchion          |    62 |   142 |   112 ||   316
         Headbutt          |     4 |    32 |    18 ||    54
         Punch             |       |     2 |     1 ||     3
   Cast: Jinxbite          |       |     1 |       ||     1
         Fugue of the Fall |       |       |     1 ||     1
  Evoke: Wand              |       |       |     3 ||     3
    Use: Potion            |       |       |     2 ||     2
         Scroll            |       |       |     1 ||     1
   Stab: Sleeping          |     1 |     1 |     1 ||     3
         Confused          |       |     1 |     2 ||     3
 Armour: Leather armour    |    31 |   100 |    97 ||   228
         Skin              |       |       |     2 ||     2
  Dodge: Dodged            |    36 |   102 |   146 ||   284
  Block: Other             |     2 |    26 |       ||    28

Table legend: (Time is in decaauts)
 A = Elapsed time spent in this place.
 B = Non-inter-level travel time spent in this place.
 C = Inter-level travel time spent in this place.
 D = Time resting spent in this place.
 E = Time spent auto-exploring this place.
 F = Levels seen in this place.
 G = Mean time per level.
                   A        B        C        D        E       F      G
               +--------+--------+--------+--------+--------+-----+--------+
         Total |  13211 |  13021 |    190 |   8924 |   3282 |   5 | 2642.2 |
       Dungeon |  13211 |  13021 |    190 |   8924 |   3282 |   5 | 2642.2 |
               +--------+--------+--------+--------+--------+-----+--------+

Top non-repeatable levels by time:
     D:1: 8866 daAuts
     D:4: 1644 daAuts
     D:3: 1073 daAuts
     D:2: 1058 daAuts
     D:5: 569 daAuts
